Map: Ever Dream LE

Players

Railgan - Winner!

  • Race: Zerg Zerg
  • League: Grandmaster
  • Spawn Location: 1:00

TTD

  • Race: Terran Terran
  • League: Master
  • Spawn Location: 7:00

VOD

Have the link to the VOD?

Description

Time

  • Played on: May 22, 2020, 5:40 p.m.
  • Length: 12:26
Show
View Real Time Build Order
Export as new Build Order

Railgan Zerg - Winner!

Build Orders: Pool First 

Get SALT Encoding   

  12  0:01  Drone  
  13  0:13  Overlord  
  13  0:17  Drone  
  14  0:32  Drone x2  
  14  0:35  Drone  
  17  0:45  Spawning Pool  
  17  0:49  Drone  
  17  0:56  Drone  
  18  1:11  Hatchery  
  18  1:13  Extractor  
  18  1:16  Drone  
  17  1:19  Drone  
  18  1:32  Queen  
  18  1:33  Zergling x2  
  21  1:44  Roach Warren  
  20  1:48  Overlord  
  20  1:51  Drone  
  21  2:02  Drone  
  22  2:22  Queen  
  22  2:23  Queen  
  22  2:29  Roach  
  28  2:30  Roach x2  
  28  2:33  Roach  
  34  2:39  Overlord  
  34  2:46  Overlord  
  33  2:57  Overlord  
  33  2:58  Drone x2  
  35  3:06  Drone x2  
  35  3:09  Drone  
  38  3:18  Lair  
  38  3:23  Drone  
  38  3:24  Drone  
  40  3:28  Drone x2  
  42  3:34  Drone  
  42  3:35  Drone  
  44  3:46  Overlord  
  42  3:49  Drone x5  
  47  4:07  Drone x5  
  52  4:10  Drone  
  52  4:13  Extractor  
  52  4:14  Extractor  
  49  4:22  Roach x2  
  49  4:23  Glial Reconstitution  
  49  4:24  Spore Crawler  
  49  4:26  Spore Crawler  
  49  4:30  Queen  
  49  4:34  Queen, Evolution Chamber x2  
  49  4:38  Drone x2  
  51  4:39  Drone  
  51  4:42  Overseer  
  52  4:52  Drone  
  53  4:53  Drone x4  
  53  4:55  Extractor  
  56  5:03  Drone  
  56  5:04  Drone x3  
  60  5:07  Spire  
  60  5:12  Overlord  
  59  5:16  Overlord  
  59  5:18  Overlord  
  59  5:30  Hatchery  
  59  5:34  Overlord  
  58  5:36  Overlord  
  58  5:46  Roach  
  58  5:47  Roach x3  
  66  5:50  Zerg Missile Weapons Level 1  
  66  5:53  Zerg Ground Armor Level 1  
  63  6:25  Mutalisk  
  62  6:26  Mutalisk x4  
  62  6:29  Drone x6  
  62  6:30  Drone  
  79  6:41  Drone  
  80  6:49  Ravager  
  80  6:50  Ravager x2  
  80  6:51  Overlord  
  80  6:52  Drone  
  80  6:53  Drone x3  
  87  6:55  Extractor  
  87  6:56  Extractor  
  87  6:57  Drone  
  84  7:10  Drone x4  
  88  7:15  Overlord  
  88  7:18  Drone  
  88  7:19  Drone x4  
  93  7:25  Drone  
  93  7:29  Drone x4  
  92  7:35  Ravager  
  92  7:36  Ravager, Drone  
  95  7:37  Overlord  
  95  7:46  Roach x3  
  95  7:47  Roach  
  95  7:48  Roach  
  95  7:50  Hatchery  
  104  7:54  Roach x2  
  104  7:55  Zerg Missile Weapons Level 2, Zerg Ground Armor Level 2  
  108  8:00  Overlord  
  108  8:03  Hatchery  
  107  8:13  Overlord  
  107  8:16  Overlord  
  107  8:17  Infestation Pit  
  107  8:19  Roach x4  
  120  8:20  Roach x3  
  120  8:21  Pneumatized Carapace  
  120  8:24  Burrow  
  120  8:26  Drone  
  121  8:29  Drone  
  121  8:30  Drone  
  121  8:33  Overlord  
  121  8:34  Overlord  
  121  8:38  Drone  
  121  8:39  Roach  
  124  8:53  Roach x4  
  129  8:56  Roach x4  
  119  9:11  Overlord  
  119  9:15  Roach x4  
  119  9:16  Roach x3  
  121  9:19  Roach x5  
  127  9:28  Roach x4  
  131  9:33  Drone x2  
  134  9:38  Ravager x6  
  134  9:39  Ravager x3  
  134  9:40  Drone x5  
  134  9:43  Unknown  
  158  10:02  Overlord  
  138  10:14  Drone x3  
  138  10:15  Drone x5  
  138  10:18  Roach  
  138  10:19  Overlord  
  132  10:39  Overlord  
  132  10:40  Roach x6  
  132  10:41  Roach  
  144  10:49  Roach  
  146  10:51  Overlord  
  146  10:52  Overlord  
  146  10:53  Roach  
  146  10:56  Nydus Network  
  147  10:57  Overlord  
  147  10:58  Roach x5  
  157  11:06  Hatchery  
  156  11:12  Corruptor  
  156  11:14  Roach x8  
  174  11:27  Overlord  
  174  11:33  Roach  
  174  11:34  Overlord, Roach x4  
  184  11:49  Spine Crawler  
  182  11:59  Nydus Canal  
  200  12:15  Nydus Canal  
Show
View Real Time Build Order
Export as new Build Order

TTD Terran 

Build Orders: Mech 

Get SALT Encoding   

  12  0:00  SCV  
  13  0:13  SCV  
  14  0:17  Supply Depot  
  14  0:25  SCV  
  15  0:38  SCV  
  15  0:42  Barracks  
  16  0:46  Refinery  
  16  0:50  SCV  
  17  1:03  SCV  
  18  1:15  SCV  
  19  1:28  Orbital Command  
  19  1:30  Barracks Reactor  
  19  1:39  Command Center  
  19  1:47  Supply Depot  
  19  1:54  SCV  
  20  2:05  Marine x2  
  20  2:06  SCV  
  23  2:10  Factory  
  23  2:18  SCV  
  24  2:23  Marine x2  
  24  2:25  Refinery  
  26  2:30  SCV  
  27  2:42  SCV  
  28  2:52  Orbital Command  
  28  2:54  Supply Depot  
  28  2:55  SCV  
  28  2:57  Barracks Tech Lab  
  29  2:59  Starport  
  29  3:06  Hellion  
  29  3:07  SCV  
  29  3:10  Hellion  
  34  3:19  Supply Depot, SCV  
  35  3:20  SCV  
  36  3:28  Armory  
  36  3:31  Hellion  
  38  3:39  SCV  
  38  3:40  Marine  
  36  3:43  SCV  
  33  3:50  Banshee  
  33  3:52  Hellion  
  33  3:53  SCV  
  39  4:00  SCV  
  39  4:05  SCV  
  40  4:12  SCV  
  40  4:18  SCV  
  40  4:21  Hellion  
  44  4:24  SCV  
  44  4:30  SCV  
  46  4:33  Banshee  
  46  4:36  SCV  
  50  4:41  Supply Depot  
  50  4:42  Supply Depot, SCV  
  49  4:54  Command Center  
  49  4:59  SCV x2  
  47  5:10  Factory x2  
  47  5:11  SCV  
  48  5:17  Supply Depot  
  48  5:19  SCV  
  49  5:24  Refinery, SCV  
  49  5:27  Engineering Bay  
  50  5:31  SCV  
  50  5:33  Refinery  
  51  5:36  SCV  
  51  5:39  Thor  
  58  5:44  SCV  
  58  5:48  Viking  
  61  5:52  SCV  
  62  5:57  SCV  
  62  5:59  Factory Reactor, Factory Tech Lab  
  62  6:00  Viking  
  62  6:03  Missile Turret  
  65  6:05  SCV  
  66  6:14  SCV  
  68  6:18  Thor  
  68  6:19  SCV  
  68  6:21  Orbital Command  
  68  6:29  Thor  
  68  6:30  SCV  
  75  6:37  Viking  
  75  6:39  Viking  
  79  6:41  SCV  
  79  6:44  SCV  
  81  6:51  Hellion x2  
  85  6:57  Supply Depot x2  
  85  6:59  Orbital Command  
  85  7:07  SCV  
  84  7:09  Siege Tank  
  84  7:14  Missile Turret, Factory  
  84  7:15  Factory  
  85  7:22  SCV  
  83  7:28  Viking  
  83  7:29  SCV x2  
  84  7:33  Siege Tank  
  84  7:35  SCV  
  88  7:40  Refinery  
  88  7:44  Refinery, Hellion  
  90  7:50  SCV  
  90  7:51  SCV  
  92  7:52  Hellion  
  92  7:53  SCV  
  92  7:56  Missile Turret, Factory Tech Lab  
  95  8:02  SCV  
  95  8:03  SCV  
  95  8:05  SCV  
  98  8:08  Siege Tank  
  95  8:14  SCV  
  95  8:15  SCV  
  95  8:17  Supply Depot  
  95  8:18  Siege Tank  
  95  8:19  Hellion x2, SCV  
  105  8:23  Terran Vehicle Weapons Level 1  
  105  8:27  Factory Tech Lab x2, SCV  
  105  8:33  Medivac  
  108  8:34  SCV  
  108  8:39  Medivac, SCV  
  112  8:42  Supply Depot  
  112  8:44  SCV  
  112  8:45  Supply Depot  
  112  8:47  Supply Depot  
  112  8:49  Supply Depot  
  112  8:55  Siege Tank x2  
  112  8:58  Siege Tank  
  110  9:08  Siege Tank  
  110  9:09  Hellbat  
  107  9:13  Hellion  
  103  9:20  SCV  
  97  9:26  Viking x2  
  97  9:27  Siege Tank, SCV  
  97  9:28  Hellion, SCV  
  108  9:32  Supply Depot  
  108  9:33  Siege Tank  
  108  9:34  Hellion  
  108  9:36  SCV  
  112  9:41  Siege Tank, Hellion  
  119  9:51  Siege Tank  
  120  9:55  Command Center  
  120  9:56  Hellion  
  121  10:05  Siege Tank  
  109  10:11  Siege Tank, Hellbat  
  109  10:14  Siege Tank  
  98  10:15  SCV x3  
  98  10:18  Hellion  
  97  10:27  SCV x3  
  94  10:34  Thor  
  97  10:35  Command Center  
  97  10:39  SCV x3  
  97  10:40  Supply Depot  
  100  10:51  SCV x2  
  100  10:52  SCV  
  103  10:59  Hellion x2  
  103  11:01  Thor  
  103  11:03  SCV  
  103  11:04  SCV x2  
  121  11:15  SCV  
  121  11:16  SCV  
  118  11:22  Siege Tank  
  118  11:23  Viking  
  118  11:24  Viking  
  121  11:26  Factory Tech Lab  
  121  11:28  SCV  
  121  11:30  Factory Tech Lab x2  
  120  11:37  SCV  
  121  11:45  Supply Depot  
  119  11:47  Hellion, Supply Depot  
  119  11:48  Supply Depot x2  
  119  11:49  Supply Depot  
  123  11:55  Hellion  
  126  12:12  Supply Depot  
  126  12:14  Supply Depot  
  125  12:15  Supply Depot  
  125  12:17  Barracks  
Tags
 
Composition
Mech
Matchup
TvZ
Opening
Pool First
Player
Railgan
Spawn Locations
Cross Positions
Add a new tag
Caveats
  • Supply blocks, unpowered buildings, or Contaminate may cause inaccurate times.
  • Supply counts are checked every 10 seconds.